 Dungeon Sprint DCSS version 0.26-a0-663-g36e8fdb655 (webtiles) character file.

Game seed: 6334594442803097252

5641 mhtbhm the Eclecticist (level 10, -3/51 HPs)
             Began as a Deep Elf Earth Elementalist on Oct 10, 2020.
             Was the Champion of Vehumet.
             Slain by Donald
             ... wielding a +1 war axe of holy wrath
              (40 damage)
             ... in the Dungeon (Sprint III: "The Ten Rune Challenge").
             The game lasted 00:08:07 (2028 turns).

mhtbhm the Eclecticist (DEEE)                       Turns: 2028, Time: 00:08:09

Health: -3/51      AC:  3    Str:  5    XL:     10   Next: 46%
Magic:  30/35      EV: 16    Int: 24    God:    Vehumet [******]
Gold:   1925       SH:  0    Dex: 17    Spells: 22/48 levels left

rFire    + . .     SeeInvis .   b - +2 short sword (protect)
rCold    . . .     Faith    .   (no shield)
rNeg     . . .     Spirit   .   c - +0 robe
rPois    .         Reflect  .   (no helmet)
rElec    .         Harm     .   j - +0 cloak
rCorr    .         Rampage  .   (no gloves)
MR       +....     NoTele   +   (no boots)
Stlth    +++.......             (no amulet)
HPRegen  0.17/turn              (no ring)
MPRegen  0.24/turn              (no ring)

@: lethally poisoned (-3 -> -38), hasted and slowed
A: agile 1, fire resistance 1
a: Renounce Religion


You were in the Dungeon.
You worshipped Vehumet.
Vehumet was exalted by your worship.
You visited 1 branch You collected 1925 gold pieces.

Inventory:

Hand Weapons
 b - a +2 short sword of protection (weapon)
 k - a +3 quarterstaff of chaos
Missiles
 u - a throwing net (quivered)
Armour
 c - a +0 robe (worn)
 j - a +0 cloak (worn)
Scrolls
 i - a scroll of blinking
 l - a scroll of torment
 n - 3 scrolls of remove curse
 p - a scroll of immolation
Potions
 a - 2 potions of lignification
 d - a potion of curing
 e - 2 potions of heal wounds
 g - a potion of magic
 h - 3 potions of berserk rage
 o - 2 potions of flight
 q - 4 potions of mutation
 s - a potion of might
Miscellaneous
 t - a phantom mirror (inert)


   Skills:
 + Level 0.8 Fighting
 + Level 6.0 Dodging
 - Level 5.8 Stealth
 + Level 19.5 Spellcasting
 + Level 2.6 Conjurations
 + Level 1.8 Transmutations
 + Level 18.3 Earth Magic
 + Level 1.4 Evocations


You had 22 spell levels left.
You knew the following spells:

 Your Spells              Type           Power        Failure   Level
a - Sandblast             Erth           ######       0%          1
b - Passwall              Tmut/Erth      ######..     1%          2
c - Stone Arrow           Conj/Erth      ######       1%          3
d - Lee's Rapid Deconstr  Erth           #######...   1%          5
e - Petrify               Tmut/Erth      ######..     1%          4
f - Bolt of Magma         Conj/Fire/Erth ######....   1%          5
g - Iron Shot             Conj/Erth      ######....   1%          6

Your spell library contained the following spells:

 Spells                   Type           Power        Failure   Level
 Confusing Touch          Hex            ###.....     6%          3
 Gell's Gravitas          Tloc           ###.......   6%          3
 Yara's Violent Unravell  Hex/Tmut       ####......   11%         5
 Metabolic Englaciation   Hex/Ice        ###.......   50%         5


Dungeon Overview and Level Annotations

Branches:
Dungeon (1/1)

Altars:
Cheibriados
Dithmenos
Elyvilon
Fedhas
Gozag
Hepliaklqana
Kikubaaqudgha
Makhleb
Nemelex Xobeh
Okawaru
Qazlal
Ru
Sif Muna
Trog
Uskayaw
Vehumet
Wu Jian
Xom
Yredelemnul
Zin
The Shining One
Beogh
Jiyva
Lugonu

Shops:
D [

Annotations:
D Donald, Frances


Innate Abilities, Weirdness & Mutations

You are agile. (Dex +2)
Your flesh is heat resistant. (rF+)


Message History

Okay, then.
Press: ? - help, v - describe, . - travel
Here: Donald, wielding a +1 war axe of holy wrath, wearing a cursed +0 scale mail and wearing a +0 kite shield of reflection (moderately wounded, fast)
The floor.
Okay, then.
You feel yourself speed up.
Frances throws a curare-tipped dart.
The curare-tipped dart hits you.
You are poisoned.
You have difficulty breathing.
You feel yourself slow down.
Donald gestures wildly while chanting.
Donald seems to grow stronger.
Frances throws a curare-tipped dart.
The curare-tipped dart misses you.
You feel sick.
Frances throws a curare-tipped dart.
The curare-tipped dart hits you.
You are more poisoned.
You have difficulty breathing.
You feel as though you will be slow longer.
Donald hits you with a +1 war axe of holy wrath!!!
Ouch! That really hurt!
You die...

'#[#.####
.#)###########################
.#.)..#.#.#.....#......'...≈≈#
)##.#..#.##.###)#......#†..≈≈#
.)##)#.#.##.#.)##......#...≈≈≈≈#
.#)..#..#.)##..'.(.....#...≈≈≈≈#
▓▓▓▓▓▓▓▓▓▓▓▓▓▓▓#.......#.......#
≈........≈≈≈...#.......#.......#
≈≈≈≈≈≈≈≈≈≈≈♣♣P.'@@.....#.......#
♣♣♣♣♣♣♣♣♣♣♣♣♣PP#.......#########
♣♣♣##'###### ... #4@3# #...#
#####


You could see Frances (fast), Donald (fast, strong) and a soul eater (summoned).

Vanquished Creatures
  Erolcha (D)
  A deep elf mage (D)
  3 wandering mushrooms (D)
  A queen bee (D)
  A shadow (D)
  2 redbacks (D)
  A spatial vortex (D)
  2 orc warriors (D)
  A necrophage (D)
  5 two-headed ogres (D)
  A water elemental (D)
  32 killer bees (D)
  A jelly (D)
  5 orc wizards (D)
  Crazy Yiuf (D)
  Jessica (D)
  A wizard (D)
  A necromancer (D)
  3 humans (D)
  A kobold demonologist (D)
  11 orcs (D)
  2 rats (D)
78 creatures vanquished.

Vanquished Creatures (others)
  2 plants (D)
2 creatures vanquished.

Grand Total: 80 creatures vanquished

Notes
Turn   | Place    | Note
-------+----------+-------------------------------------------
     0 | D        | mhtbhm the Deep Elf Earth Elementalist began the quest for
                  | the Orb.
     0 | D        | Reached XP level 1. HP: 10/10 MP: 6/6
    28 | D        | Noticed Jessica
    30 | D        | Killed Jessica
    30 | D        | Reached skill level 4 in Spellcasting
    30 | D        | Reached skill level 5 in Earth Magic
    30 | D        | Reached XP level 2. HP: 15/15 MP: 4/9
    86 | D        | Learned a level 2 spell: Passwall
    98 | D        | Reached skill level 5 in Spellcasting
    98 | D        | Reached XP level 3. HP: 14/19 MP: 2/11
   227 | D        | Noticed Crazy Yiuf
   232 | D        | Killed Crazy Yiuf
   232 | D        | Reached XP level 4. HP: 24/24 MP: 8/13
   290 | D        | Gained mutation: Your flesh is heat resistant. (rF+)
                  | [potion of mutation]
   290 | D        | Gained mutation: You are agile. (Dex +2) [potion of
                  | mutation]
   308 | D        | Learned a level 3 spell: Stone Arrow
   315 | D        | Noticed a water elemental
   318 | D        | Killed a water elemental
   318 | D        | Reached skill level 7 in Spellcasting
   356 | D        | Found a radiant altar of Vehumet.
   356 | D        | Found a shimmering blue altar of Sif Muna.
   356 | D        | Found an ancient bone altar of Kikubaaqudgha.
   356 | D        | Noticed a wizard
   357 | D        | Killed a wizard
   357 | D        | Reached XP level 5. HP: 28/28 MP: 15/17
   363 | D        | Became a worshipper of Vehumet
   378 | D        | Learned a level 5 spell: Lee's Rapid Deconstruction
   383 | D        | Learned a level 4 spell: Petrify
   415 | D        | Found a basalt altar of Yredelemnul.
   415 | D        | Found a shadowy altar of Dithmenos.
   415 | D        | Found a sacrificial altar of Ru.
   415 | D        | Noticed a necrophage
   416 | D        | Reached skill level 8 in Spellcasting
   417 | D        | Killed a necrophage
   417 | D        | Reached skill level 5 in Dodging
   417 | D        | Reached skill level 9 in Spellcasting
   417 | D        | Reached skill level 10 in Earth Magic
   417 | D        | Reached XP level 6. HP: 32/32 MP: 7/20
   499 | D        | Found a hide-covered altar of Uskayaw.
   499 | D        | Found a roughly hewn altar of Beogh.
   499 | D        | Found an iron altar of Okawaru.
   499 | D        | Found a bloodstained altar of Trog.
   499 | D        | Found an ornate altar of the Wu Jian Council.
   499 | D        | Noticed a human
   499 | D        | Noticed a human
   501 | D        | Killed a human
   501 | D        | Reached * piety under Vehumet
   501 | D        | Offered knowledge of Foxfire by Vehumet.
   501 | D        | Reached skill level 5 in Stealth
   501 | D        | Reached skill level 10 in Spellcasting
   501 | D        | Killed a human
   501 | D        | Reached skill level 11 in Spellcasting
   501 | D        | Reached XP level 7. HP: 36/36 MP: 10/23
   576 | D        | Found a glowing silver altar of Zin.
   576 | D        | Found a glowing golden altar of the Shining One.
   576 | D        | Found a white marble altar of Elyvilon.
   576 | D        | Noticed a deep elf mage
   578 | D        | Killed a deep elf mage
   578 | D        | Reached skill level 12 in Spellcasting
   641 | D        | Reached ** piety under Vehumet
   641 | D        | Reached skill level 13 in Spellcasting
   641 | D        | Noticed a shadow
   644 | D        | Killed a shadow
   644 | D        | Reached XP level 8. HP: 41/41 MP: 10/27
   732 | D        | Found a blossoming altar of Fedhas.
   732 | D        | Found a stormy altar of Qazlal.
   732 | D        | Found a snail-covered altar of Cheibriados.
   732 | D        | Found a burning altar of Makhleb.
   732 | D        | Found a shimmering altar of Xom.
   733 | D        | Found a hazy altar of Hepliaklqana.
   733 | D        | Found an opulent altar of Gozag.
   733 | D        | Found a sparkling altar of Nemelex Xobeh.
   733 | D        | Found a corrupted altar of Lugonu.
   733 | D        | Found a viscous altar of Jiyva.
   746 | D        | Offered knowledge of Magic Dart by Vehumet.
   796 | D        | Reached skill level 14 in Spellcasting
   797 | D        | Reached *** piety under Vehumet
   909 | D        | Noticed a two-headed ogre
   913 | D        | Killed a two-headed ogre
   913 | D        | Offered knowledge of Ignite Poison by Vehumet.
   913 | D        | Reached skill level 15 in Earth Magic
  1015 | D        | Noticed Erolcha
  1016 | D        | Noticed a two-headed ogre
  1019 | D        | Killed a two-headed ogre
  1019 | D        | Reached skill level 15 in Spellcasting
  1019 | D        | Reached XP level 9. HP: 45/45 MP: 8/30
  1019 | D        | Killed Erolcha
  1019 | D        | Reached **** piety under Vehumet
  1019 | D        | Reached skill level 16 in Spellcasting
  1114 | D        | Offered knowledge of Dazzling Flash by Vehumet.
  1117 | D        | Reached skill level 17 in Spellcasting
  1148 | D        | Noticed a wandering mushroom
  1156 | D        | Killed a wandering mushroom
  1157 | D        | Noticed a wandering mushroom
  1159 | D        | Noticed a wandering mushroom
  1163 | D        | Killed a wandering mushroom
  1163 | D        | Reached ***** piety under Vehumet
  1163 | D        | Reached skill level 1 in Conjurations
  1168 | D        | Killed a wandering mushroom
  1364 | D        | Offered knowledge of Bolt of Magma by Vehumet.
  1385 | D        | Reached ****** piety under Vehumet
  1417 | D        | Reached XP level 10. HP: 44/51 MP: 5/33
  1420 | D        | Reached skill level 18 in Spellcasting
  1594 | D        | Found Binapluek's Armour Emporium.
  1702 | D        | Learned a level 5 spell: Bolt of Magma
  1749 | D        | Offered knowledge of Iron Shot by Vehumet.
  1751 | D        | Reached skill level 1 in Evocations
  1756 | D        | Reached skill level 19 in Spellcasting
  2014 | D        | Learned a level 6 spell: Iron Shot
  2023 | D        | Noticed Donald
  2023 | D        | Noticed Frances
  2027 | D        | Noticed a rust devil
  2027 | D        | Noticed a soul eater
  2028 | D        | Slain by Donald

Illustrated notes

Levels and vault maps discovered:
D:        dungeon_sprint_mu [sprint_mu_entry_forest, sprint_mu_temple_rooms,
          sprint_mu_d1_spiders, sprint_mu_d2_genie, sprint_mu_d3_branching,
          sprint_mu_orc_legion, sprint_mu_elf_gauntlet, sprint_mu_hive_nellie,
          sprint_mu_lair_fedhas, sprint_mu_vaults_butterflies,
          sprint_mu_slime_circle, sprint_mu_swamp_cave, sprint_mu_shoals_kraken,
          sprint_mu_blade_basic, sprint_mu_crypt_chambers,
          sprint_mu_tomb_spiral, sprint_mu_vestibule_basic,
          sprint_mu_gehenna_hellfire, sprint_mu_dis_giant,
          sprint_mu_tartarus_statrot, sprint_mu_cocytus_islands, sprint_mu_zot1]

Skill      XL: |  1  2  3  4  5  6  7  8  9 10 |
---------------+-------------------------------+-----
Dodging        | 3 4 5 6 |  6.0
Stealth        | 3 4 5 |  5.8
Spellcasting   | 4 5 7 9 11 13 15 17 19 | 19.5
Earth Magic    | 5 6 7 9 10 12 14 15 17 18 | 18.3
Conjurations   | 2 |  2.6
Evocations     | 1 |  1.4
Fighting       | |  0.8
Transmutations | |  1.8

Action                   |  1- 3 |  4- 6 |  7- 9 | 10-12 || total
-------------------------+-------+-------+-------+-------++-------
Throw: Throwing net      |       |       |     1 |       ||     1
 Cast: Sandblast         |    13 |     5 |     6 |     6 ||    30
       Lee's Rapid Decon |       |     3 |    25 |    16 ||    44
       Stone Arrow       |       |       |    17 |     3 ||    20
       Petrify           |       |       |     3 |       ||     3
       Passwall          |       |       |       |     3 ||     3
Evoke: Wand              |       |       |     6 |       ||     6
       Phantom mirror    |       |       |       |     1 ||     1
  Use: Potion            |       |     1 |       |     2 ||     3
       Scroll            |       |       |       |     3 ||     3
Armor: Robe              |     1 |     1 |       |     2 ||     4
Dodge: Dodged            |     3 |       |     2 |    25 ||    30

Table legend: (Time is in decaauts)
 A = Elapsed time spent in this place.
 B = Non-inter-level travel time spent in this place.
 C = Inter-level travel time spent in this place.
 D = Time resting spent in this place.
 E = Time spent auto-exploring this place.
 F = Levels seen in this place.
 G = Mean time per level.
                   A        B        C        D        E       F      G
               +--------+--------+--------+--------+--------+-----+--------+
         Total |   2034 |   2034 |      0 |   1284 |      1 |   1 | 2034.0 |
       Dungeon |   2034 |   2034 |      0 |   1284 |      1 |   1 | 2034.0 |
               +--------+--------+--------+--------+--------+-----+--------+

Top non-repeatable levels by time:
       D: 2034 daAuts
